 Dungeon Crawl Stone Soup version 0.31-a0-662-g684573625c (webtiles) character file.

Game seed: 13573270168253971945

270 jvm the Chiller (level 6, -2/42 HPs)
             Began as a Human Ice Elementalist on Sept 1, 2023.
             Was a Believer of Cheibriados.
             Slain by Grinder (4 damage)
             ... on level 4 of the Dungeon.
             The game lasted 00:33:04 (3765 turns).

jvm the Chiller (Human Ice Elementalist)            Turns: 3765, Time: 00:33:05

Health: -2/42      AC:  2    Str: 13    XL:     6   Next: 47%
Magic:  15/21      EV: 28    Int: 23    God:    Cheibriados [**....]
Gold:   144        SH:  0    Dex: 18    Spells: 8/13 levels left

rFire   . . .        f - +3 short sword
rCold   . . .        (no shield)
rNeg    . . .        a - +0 robe
rPois   .            s - melded +2 helmet
rElec   .            (cloak currently unavailable)
rCorr   .            m - melded -1 pair of gloves "Foig" {rN++ Str+4}
SInv    +            (boots currently unavailable)
Will    .....        t - amulet of the acrobat
Stlth   ++           d - ring of see invisible
HPRegen 0.27/turn    e - ring of magical power
MPRegen 0.17/turn

%: acrobat
@: about to teleport, beast-form, acrobatic, very slow
A: beast (slay +0)
a: Begin Untransformation, Renounce Religion, Bend Time


You were on level 4 of the Dungeon.
You worshipped Cheibriados.
Cheibriados was pleased with you.
You were a hulking beast.
You visited 2 branches of the dungeon, and saw 5 of its levels.

You collected 144 gold pieces.

Inventory:

Hand Weapons
 f - a +3 short sword (weapon)
 o - a +0 vampiric short sword
 q - a +0 mace
 w - a +0 dagger of venom
Armour
 a - a +0 robe (worn)
 c - a +0 ring mail
 m - the -1 pair of gloves "Foig" (melded) {rN++ Str+4}
   (You found it on level 2 of the Dungeon)

   Str+4:     It affects your strength (+4).
   rN++:      It greatly protects you from negative energy.
 r - a +0 ring mail
 s - a +2 helmet (melded)
 A - a +0 pair of boots of stealth
Jewellery
 d - a ring of see invisible (left hand)
 e - a ring of magical power (right hand)
 t - an amulet of the acrobat (around neck)
 B - an amulet of magic regeneration
Talismans
 h - a beast talisman (active)
Scrolls
 g - a scroll of teleportation
 j - a scroll of enchant armour {unknown}
 n - a scroll of silence {unknown}
 p - a scroll of vulnerability {unknown}
 x - a scroll of enchant weapon {unknown}
 y - a scroll of poison {unknown}
Potions
 b - a potion of magic
 i - 2 potions of curing
 k - 2 potions of lignification
 l - a potion of enlightenment
 u - a potion of mutation {unknown}
 v - a potion of heal wounds {unknown}
 z - a potion of attraction {unknown}


   Skills:
 + Level 0.4 Fighting
 + Level 0.7 Short Blades
 + Level 2.4 Dodging
 + Level 2.5 Stealth
 + Level 4.1 Spellcasting
 + Level 5.4 Ice Magic
 + Level 0.4 Shapeshifting


You had 8 spell levels left.
You knew the following spells:

 Your Spells              Type           Power      Damage    Failure   Level
a - Freeze                Ice            100%       1d10      1%          1
b - Summon Ice Beast      Ice/Summ       17%        N/A       32%         4

Your spell library contained the following spells:

 Spells                   Type           Power      Damage    Failure   Level
 Frozen Ramparts          Ice            58%        1d9       3%          3
 Ozocubu's Armour         Ice            29%        N/A       3%          3
 Inner Flame              Hex/Fire       4%         N/A       30%         3
 Flame Wave               Conj/Fire      4%         2d5       71%         4
 Sticky Flame             Conj/Fire      4%         2d3       71%         4


Dungeon Overview and Level Annotations

Branches:
Dungeon (4/15)             Temple (1/1) D:4

Altars:
Ashenzari
Cheibriados
Dithmenos
Elyvilon
Fedhas
Gozag
Hepliaklqana
Kikubaaqudgha
Makhleb
Okawaru
Qazlal
Wu Jian
Xom
Yredelemnul
Zin

Annotations:
D:4 Grinder


Message History

Grinder barely misses you.
Casting: Freeze (safe; 1% risk of failure)
Confirm with . or Enter, or press ? or * to list all spells.
Aiming: Freeze (safe; 1% risk of failure)
Press: ? - help, Shift-Dir - straight line, f - Grinder
Aim: Grinder (lightly wounded, ally target)
You freeze Grinder.
Grinder resists.
Grinder is lightly wounded.
Grinder hits you!
You writhe in agony.
Casting: Freeze (safe; 1% risk of failure)
Confirm with . or Enter, or press ? or * to list all spells.
Aiming: Freeze (safe; 1% risk of failure)
Press: ? - help, Shift-Dir - straight line, f/p - Grinder
Aim: Grinder (lightly wounded, ally target)
You freeze Grinder but do no damage.
Grinder completely resists.
Your ice beast hits Grinder.
Your ice beast freezes Grinder.
Grinder completely resists.
Grinder gestures at you. You resist with significant effort.
Casting: Freeze (safe; 1% risk of failure)
Confirm with . or Enter, or press ? or * to list all spells.
Aiming: Freeze (safe; 1% risk of failure)
Press: ? - help, Shift-Dir - straight line, f/p - Grinder
Aim: Grinder (lightly wounded, ally target)
You freeze Grinder but do no damage.
Grinder completely resists.
Your ice beast barely misses Grinder.
Grinder gestures at you. Pain shoots through your body!
* * * LOW HITPOINT WARNING * * *
As you read the scroll of teleportation, it crumbles to dust.
You feel strangely unstable.
Your ice beast hits Grinder.
Your ice beast freezes Grinder.
Grinder resists.
Grinder hits you.
* * * LOW HITPOINT WARNING * * *
Unknown command.
Your ice beast hits Grinder.
Your ice beast freezes Grinder.
Grinder resists.
Grinder hits you.
* * * LOW HITPOINT WARNING * * *
You writhe in agony.
You die...
Grinder says, "Now the real fun starts!"

#. ......
......#.....####..##.#
......
.....####........##..
##...###.......####..
##.#............# #.
####..##...#......### #
#.....##............####
....................##.#
[#...5..##........##..
...#..Yh...#...........#
...........#............
.........#..............
......#####.......##..#.
...... #........######
...... ##......## .....
#.......# .....
.......## ..#. .#.....


You could see Grinder (ally target) and a friendly ice beast (summoned).

Vanquished Creatures
  A scorpion (D:4)
  An orc wizard (D:4)
  5 adders
  2 worms (D:2)
  3 dart slugs
  6 orcs
  4 endoplasms
  3 giant cockroaches (D:1)
  3 goblins
  6 hobgoblins
  3 quokkas
  8 ball pythons
  5 bats
  2 frilled lizards
  13 kobolds
  8 rats
73 creatures vanquished.

Vanquished Creatures (collateral kills)
  A scorpion (D:4)
1 creature vanquished.

Grand Total: 74 creatures vanquished

Notes
Turn   | Place    | Note
-------+----------+-------------------------------------------
     0 | D:1      | jvm the Human Ice Elementalist began the quest for the Orb.
     0 | D:1      | Reached XP level 1. HP: 13/13 MP: 3/3
   231 | D:1      | Reached XP level 2. HP: 19/19 MP: 0/5
   862 | D:1      | Reached XP level 3. HP: 18/24 MP: 6/6
  1909 | D:2      | Reached XP level 4. HP: 28/30 MP: 8/8
  2025 | D:2      | Found a faded altar of an unknown god.
  2035 | D:2      | Prayed at the altar of an unknown god.
  2035 | D:2      | Became a worshipper of Cheibriados the Contemplative
  2035 | D:2      | Reached * piety under Cheibriados
  2252 | D:2      | Identified the -1 pair of gloves "Foig" {rN++ Str+4}
  2852 | D:3      | Reached ** piety under Cheibriados
  2890 | D:3      | Found an opulent altar of Gozag.
  2903 | D:3      | Reached XP level 5. HP: 30/36 MP: 9/9
  3235 | D:4      | Found a shimmering altar of Xom.
  3265 | D:4      | Reached skill level 5 in Ice Magic
  3265 | D:4      | Reached XP level 6. HP: 23/42 MP: 11/11
  3277 | D:4      | Learned a level 4 spell: Summon Ice Beast
  3415 | D:4      | Noticed Grinder
  3431 | D:4      | Paralysed by Grinder for 4 turns
  3516 | D:4      | Found a staircase to the Ecumenical Temple.
  3600 | Temple   | Entered the Ecumenical Temple
  3765 | D:4      | HP: 2/42 [Grinder (5)]
  3765 | D:4      | Slain by Grinder

Illustrated notes

Levels and vault maps discovered:
D:1:      onia_arrival_pyramid, layout_basic
D:2:      layout_loops_ring, dilly_ecumenical_altar_fadedgnrine
D:3:      layout_basic, nicolae_gozag_seed_capital,
          nicolae_overflow_hidden_temple
D:4:      layout_cave_pools, mainiacjoe_overflow_alcove_1,
          minmay_temple_entry_tees, nicolae_concentric_dashed_squares_wild,
          uniq_grinder
Temple:   nicolae_temple_god_jail

Skill      XL: |  1  2  3  4  5  6 |
---------------+-------------------+-----
Spellcasting   | 3 4 |  4.1
Ice Magic      | 5 |  5.4
Fighting       | |  0.4
Short Blades   | |  0.7
Dodging        | |  2.4
Stealth        | |  2.5
Shapeshifting  | |  0.4

Action                     |  1- 3 |  4- 6 || total
---------------------------+-------+-------++-------
  Melee: Unarmed           |     5 |       ||     5
         Short sword       |    28 |    31 ||    59
   Cast: Freeze            |    44 |    78 ||   122
         Summon Ice Beast  |       |     2 ||     2
    Use: Scroll            |     2 |     5 ||     7
         Potion            |       |     2 ||     2
   Stab: Sleeping          |     2 |     2 ||     4
 Armour: Robe              |    41 |    45 ||    86
  Dodge: Dodged            |    38 |    70 ||   108
   Form: Beast             |     1 |     1 ||     2
                           |       |     1 ||     1

Table legend: (Time is in decaauts)
 A = Elapsed time spent in this place.
 B = Non-inter-level travel time spent in this place.
 C = Inter-level travel time spent in this place.
 D = Time resting spent in this place.
 E = Time spent auto-exploring this place.
 F = Levels seen in this place.
 G = Mean time per level.
                   A        B        C        D        E       F      G
               +--------+--------+--------+--------+--------+-----+--------+
         Total |   4290 |   4282 |      8 |    105 |   2433 |   5 |  858.0 |
       Dungeon |   4098 |   4090 |      8 |    105 |   2433 |   4 | 1024.5 |
        Temple |    191 |    191 |      0 |      0 |      0 |   1 |  191.0 |
               +--------+--------+--------+--------+--------+-----+--------+

Top non-repeatable levels by time:
     D:1: 1527 daAuts
     D:2: 994 daAuts
     D:3: 804 daAuts
     D:4: 771 daAuts
  Temple: 191 daAuts
